 Dungeon Crawl Stone Soup version 0.28.0-47-ge53b351184 (webtiles) character file.

Game seed: 6626255206263643217

21 hawla the Stinger (level 2, 0/11 HPs)
             Began as a Felid Venom Mage on May 3, 2022.
             Slain by a jackal (3 damage)
             ... on level 1 of the Dungeon.
             The game lasted 00:02:59 (1523 turns).

hawla the Stinger (Felid Venom Mage)                Turns: 1523, Time: 00:03:00

Health: 0/11       AC:  1    Str:  4    XL:     2   Next: 65%
Magic:  0/6        EV: 17    Int: 16    God:
Gold:   7          SH:  0    Dex: 16    Spells: 2/5 levels left
                                        Lives:  0   Deaths: 0

rFire   . . .      SeeInvis +   (weapon unavailable)
rCold   . . .      Faith    .   (shield unavailable)
rNeg    . . .      Spirit   .   (armour unavailable)
rPois   .          Reflect  .   (helmet unavailable)
rElec   .          Harm     .   (cloak unavailable)
rCorr   .          Rampage  .   (gloves unavailable)
Will    .....                   (boots unavailable)
Stlth   ++........              (no amulet)
HPRegen 0.03/turn               (no ring)
MPRegen 0.10/turn               (no ring)

@: quick
A: very small, claws 1, fangs 3, see invisible, speed 1, shaggy fur 1, stealthy
paws, no weapons or thrown items, no armour, multi-lived
a: no special abilities


You were on level 1 of the Dungeon.
You visited 1 branch of the dungeon, and saw 2 of its levels.

You collected 7 gold pieces.

Inventory:

Jewellery
 b - a ring of wizardry
Scrolls
 a - a scroll of noise {unknown}
 f - a scroll of identify {unknown}
Potions
 c - a potion of curing {unknown}
 d - a potion of lignification {unknown}
 e - a potion of degeneration {unknown}


   Skills:
 + Level 2.9 Dodging
 + Level 2.7 Stealth
 + Level 2.4 Spellcasting
 + Level 1.7 Transmutations
 + Level 3.0 Poison Magic


You had 2 spell levels left.
You knew the following spells:

 Your Spells              Type           Power      Damage    Failure   Level
a - Sting                 Tmut/Pois      36%        1d4       8%          1
b - Poisonous Vapours     Pois/Air       12%        N/A       16%         2

Your spell library contained the following spells:

 Spells                   Type           Power      Damage    Failure   Level
 Mephitic Cloud           Conj/Pois/Air  5%         N/A       36%         3
 Olgreb's Toxic Radiance  Pois           11%        N/A       50%         4


Dungeon Overview and Level Annotations

Branches:
Dungeon (2/15)

Altars:


Innate Abilities, Weirdness & Mutations

You have sharp claws.
You have razor-sharp teeth.
You have supernaturally acute eyesight. (SInv)
You cover ground quickly. (Speed+)
You are covered in fur. (AC +1)
Your paws help you pounce on unaware monsters.
You are incapable of wielding weapons or throwing items.
You cannot wear armour.
You gain extra lives every three experience levels.


Message History

Casting: Sting (safe; 8% risk of failure)
Confirm with . or Enter, or press ? or * to list all spells.
Aiming: Sting (safe; 8% risk of failure)
Press: ? - help, Shift-Dir - straight line, f/p - jackal
Aim: a jackal (60% to hit)
The sting hits the jackal.
The jackal is poisoned.
The jackal is lightly wounded.
The jackal misses you. The jackal barely misses you. The jackal misses you. x2
The jackal bites you.
There is a stone staircase leading down here.
The jackal looks more healthy.
The jackal completely misses you. The jackal closely misses you.
The jackal misses you.
Casting: Sting (safe; 8% risk of failure)
Confirm with . or Enter, or press ? or * to list all spells.
Aiming: Sting (safe; 8% risk of failure)
Press: ? - help, Shift-Dir - straight line, f/p - jackal
Aim: a jackal (heavily wounded, 60% to hit)
The sting hits the jackal.
The jackal is poisoned.
You kill the jackal!
The jackal completely misses you. The jackal completely misses you.
The jackal misses you. The jackal bites you.
There is a stone staircase leading down here.
You see here 21 stones.
Casting: Sting (safe; 8% risk of failure)
Confirm with . or Enter, or press ? or * to list all spells.
Aiming: Sting (safe; 8% risk of failure)
Press: ? - help, Shift-Dir - straight line, f/p - jackal
Aim: a jackal (moderately wounded, 60% to hit)
The sting misses the jackal.
The jackal completely misses you. The jackal misses you.
A kobold comes into view. It is wielding a +0 short sword.
The kobold shouts!
The kobold hits you with a +0 short sword.
* * * LOW HITPOINT WARNING * * *
Found a scroll labelled BURIOW QAZE.
The jackal barely misses you. The jackal bites you.
You die...

.#####.#.#.#...>............#
.......#.#.#......##.######.#
#.######.#.#...(.....# .#
.........#........#####
#....##########........
####.# #..###### ####[#
#........ .....# #h########
###### #.@.....?. ##########


You could see a jackal.

Vanquished Creatures
  A dart slug (D:1)
  3 endoplasms (D:1)
  2 giant cockroaches (D:1)
  A hobgoblin (D:1)
  2 jackals (D:1)
  A kobold (D:1)
  2 ball pythons (D:1)
  3 bats (D:1)
  A rat (D:1)
16 creatures vanquished.

Notes
Turn   | Place    | Note
-------+----------+-------------------------------------------
     0 | D:1      | hawla the Felid Venom Mage began the quest for the Orb.
     0 | D:1      | Reached XP level 1. HP: 7/7 MP: 4/4
   181 | D:1      | You fall into a shaft and drop 1 floor!
   374 | D:1      | Found a faded altar of an unknown god.
   422 | D:1      | Reached XP level 2. HP: 11/11 MP: 0/6
   425 | D:1      | Learned a level 2 spell: Poisonous Vapours
   568 | D:1      | Reached skill level 3 in Poison Magic
  1523 | D:1      | Slain by a jackal

Illustrated notes

Levels and vault maps discovered:
D:1:      minmay_arrival_cross, layout_basic, ebering_ecumenical_altar_rust
D:2:      layout_basic, serial_shops, nicolae_lakefront_shop,
          minmay_pentomino_pile

Skill      XL: |  1  2 |
---------------+-------+-----
Poison Magic   | 3 |  3.0
Dodging        | |  2.9
Stealth        | |  2.7
Spellcasting   | |  2.4
Transmutations | |  1.7

Action                   || total
-------------------------++-------
Melee: Unarmed           ||    12
       Bite              ||     2
 Cast: Sting             ||    28
       Poisonous Vapours ||     9
Armor: Skin              ||     3
Dodge: Dodged            ||    53
